 Dungeon Crawl Stone Soup version 0.19.0-20-gbc5f0c6 (webtiles) character file.

109 joejoepie the Magician (level 4, 0/27 HPs)
             Began as a High Elf Wizard on Nov 16, 2016.
             Slain by Natasha (4 damage)
             ... on level 2 of the Dungeon on Nov 17, 2016.
             The game lasted 00:42:43 (4443 turns).

joejoepie the Magician (High Elf Wizard)            Turns: 4443, Time: 00:42:44

Health: 0/27       AC:  3    Str:  6    XL:     4   Next: 60%
Magic:  3/11       EV: 13    Int: 23    God:
Gold:   128        SH:  0    Dex: 13    Spells: 5 memorised, 3 levels left

rFire  . . .     SeeInvis .     k - +1 flail (protect) {Massive cock}
rCold  . . .     Gourm    .     a - +0 robe
rNeg   . . .     Faith    .     (no shield)
rPois  .         Spirit   .     g - +0 helmet
rElec  .         Reflect  .     (no cloak)
rCorr  .         Harm     .     (no gloves)
MR     .....                    (no boots)
Stlth  ++........               (no amulet)
                                (no ring)
                                (no ring)

@: very slightly contaminated
A: no striking features
a: no special abilities


You were on level 2 of the Dungeon.
You were not hungry.

You visited 1 branch of the dungeon, and saw 3 of its levels.

You collected 128 gold pieces.

Inventory:

Hand Weapons
 f - a +0 mace
 h - a +0 dagger
 k - a +1 flail of protection (weapon) {Massive cock}
 l - a +0 hand axe
 r - a +0 dagger
Missiles
 d - 6 poisoned needles
 e - 106 stones (quivered)
 i - 18 sling bullets
 m - 16 bolts
 o - 41 arrows
Armour
 a - a +0 robe (worn)
 b - a +0 hat
 g - a +0 helmet (worn)
 n - a +0 chain mail
Potions
 p - a potion of curing {unknown}
Books
 c - a book of Minor Magic

   Spells                             Type                      Level
   a - Magic Dart                     Conjuration                  1
   b - Blink                          Translocation                2
   c - Call Imp                       Summoning                    2
   d - Repel Missiles                 Charms/Air                   2
   e - Slow                           Hexes                        2
   f - Conjure Flame                  Conjuration/Fire             3
   g - Mephitic Cloud                 Conjuration/Poison/Air       3
Comestibles
 j - a bread ration
 s - a chunk of flesh


   Skills:
 + Level 0.2 Fighting
 + Level 0.2 Short Blades
 + Level 0.2 Maces & Flails
 + Level 2.7 Dodging
 + Level 2.4 Stealth
 + Level 4.9 Spellcasting
 + Level 1.9 Conjurations
 + Level 1.6 Summonings
 + Level 1.4 Translocations


You had 3 spell levels left.
You knew the following spells:

 Your Spells              Type           Power        Failure   Level  Hunger
a - Magic Dart            Conj           ##..         4%          1    None
b - Blink                 Tloc           N/A          10%         2    None
c - Call Imp              Summ           ##......     10%         2    None
d - Slow                  Hex            #.......     17%         2    None
e - Repel Missiles        Chrm/Air       #.....       17%         2    None


Dungeon Overview and Level Annotations

Branches:
Dungeon (3/15)

Altars:
Gozag
Xom

Annotations:
D:2 Natasha


Message History

Natasha is heavily wounded.
Natasha claws you!
Your crimson imp closely misses Natasha.
Your crimson imp hits Natasha but does no damage.
You hit Natasha.
Your weapon exudes an aura of protection.
Natasha is severely wounded.
Natasha claws you but does no damage.
Your crimson imp blinks!
Natasha stares at you and mumbles some strange words.
The magic dart hits you!
You closely miss Natasha.
Natasha is severely wounded.
Natasha claws you.
You barely miss Natasha.
Natasha is severely wounded.
Natasha claws you!
* * * LOW HITPOINT WARNING * * *
Natasha claws you.
You die...

#.# #.##.#.....#
#.##........# #.#
#..#.#.....###'##........#
..#
##.#.##.........)........#
###
#....'..................#
##..##............#######
#### #..##5...........#
...# #.>##............#
##.###########............#
#.........# #..@h§.......#
#.........# #............#
#)........# #............#
#####......# ########÷#####
.##_##.....# #.#
###.###....# #.#
#.##..#....# #.#
#).##÷#....# #.#
###.#.#....##########.#


You could see Natasha and a friendly crimson imp.

Vanquished Creatures
  Natasha (D:2)
  A gnoll (D:2)
  An adder (D:2)
  A worm (D:2)
  An orc (D:3)
  3 giant cockroaches
  6 goblins
  5 hobgoblins
  2 jackals (D:2)
  8 kobolds
  2 bats (D:1)
  A frilled lizard (D:2)
  4 rats (D:1)
36 creatures vanquished.

Vanquished Creatures (collateral kills)
  3 gnolls (D:2)
  3 worms
  2 giant cockroaches (D:1)
  A jackal (D:2)
  2 kobolds (D:1)
11 creatures vanquished.

Grand Total: 47 creatures vanquished

Notes
Turn   | Place    | Note
-------+----------+-------------------------------------------
     0 | D:1      | joejoepie the High Elf Wizard began the quest for the Orb.
     0 | D:1      | Reached XP level 1. HP: 11/11 MP: 6/6
   810 | D:1      | Reached XP level 2. HP: 17/17 MP: 2/7
  1110 | D:1      | Learned a level 2 spell: Blink
  1115 | D:1      | Learned a level 2 spell: Call Imp
  1342 | D:1      | Reached skill level 4 in Spellcasting
  1415 | D:1      | Learned a level 2 spell: Slow
  1466 | D:1      | Reached skill level 1 in Summonings
  2547 | D:2      | Reached XP level 3. HP: 21/21 MP: 7/9
  2993 | D:2      | Learned a level 2 spell: Repel Missiles
  3007 | D:2      | Found an opulent altar of Gozag.
  3630 | D:2      | Reached XP level 4. HP: 26/27 MP: 1/11
  3726 | D:2      | Found a shimmering altar of Xom.
  4003 | D:3      | Noticed Natasha
  4415 | D:2      | Killed Natasha
  4430 | D:2      | Noticed Natasha
  4443 | D:2      | Slain by Natasha

Skill      XL: |  1  2 |
---------------+-------+-----
Spellcasting   | 4 |  4.9
Summonings     | 1 |  1.6
Fighting       | |  0.2
Short Blades   | |  0.2
Maces & Flails | |  0.2
Dodging        | |  2.7
Stealth        | |  2.4
Conjurations   | |  1.9
Translocations | |  1.4

Action                   |  1- 3 |  4- 6 || total
-------------------------+-------+-------++-------
Melee: Dagger            |    25 |       ||    25
       Flail             |       |    16 ||    16
 Cast: Magic Dart        |    82 |    29 ||   111
       Call Imp          |    21 |     6 ||    27
       Blink             |     4 |     2 ||     6
       Slow              |       |     2 ||     2
  Use: Potion            |     2 |       ||     2
       Scroll            |     1 |     1 ||     2
  Eat: Bread ration      |     2 |       ||     2
       Chunk             |     2 |       ||     2
Armor: Robe              |    13 |     6 ||    19
       Chain mail        |    14 |       ||    14
Dodge: Dodged            |    34 |    15 ||    49
